 Dungeon Crawl Stone Soup version 0.29.1-12-g30fa7ad0bf (webtiles) character file.

Game seed: 13699174813796109738

252430 cheesebisquit the Warrior (level 18, -28/180 HPs)
             Began as a Minotaur Berserker on Jan 8, 2023.
             Was an Elder of Trog.
             Killed by a resonance strike
             ... invoked by Zenata
              (29 damage)
             ... on level 1 of the Vaults.
             The game lasted 03:16:47 (40790 turns).

cheesebisquit the Warrior (Minotaur Berserker)     Turns: 40790, Time: 03:16:48

Health: -28/180    AC: 38    Str: 31    XL:     18   Next: 96%
Magic:  19/19      EV: 11    Int:  9    God:    Trog [****..]
Gold:   2233       SH: 30    Dex: 18    Spells: 17/17 levels left

rFire   x . .      SeeInvis .   a - +3 broad axe of the Shore {vorpal, *Noise rN+ Str+2 Dex+4}
rCold   . . .      Faith    .   S - +2 tower shield
rNeg    + + +      Spirit   .   Y - +1 plate armour of Agar {Will+}
rPois   +          Reflect  +   y - +2 hat {Stlth+}
rElec   .          Harm     .   J - +2 cloak {rPois}
rCorr   .          Rampage  .   G - +2 pair of gloves of Esokkaxi {Fly rF- rN+ Int+5}
Will    +++..                   r - +2 pair of boots
Stlth   ..........              O - amulet "Veha Ciqiolo" {Reflect rPois rN++ Dex+3 SH+5}
HPRegen 0.40/turn               N - +4 ring of protection
MPRegen 0.16/turn               D - ring of willpower

@: lethally poisoned (-28 -> -38), on berserk cooldown, flying, hasted and
slowed, studying Invocations, unable to read
A: horns 2, retaliatory headbutt, inability to read after injury 1
}: 2/15 runes: barnacled, gossamer
a: Renounce Religion, Berserk, Trog's Hand, Brothers in Arms


You were on level 1 of the Vaults.
You worshipped Trog.
Trog was greatly pleased with you.
You visited 6 branches of the dungeon, and saw 31 of its levels.
You visited the Abyss 1 time.
You also visited: Sewer, Ossuary and Volcano.

You collected 3623 gold pieces.
You spent 1390 gold pieces at shops.

Inventory:

Hand Weapons
 a - the +3 broad axe of the Shore (weapon) {vorpal, *Noise rN+ Str+2 Dex+4}
   (You acquired it on level 7 of the Dungeon)

   It inflicts extra damage upon your enemies.
   Str:       It affects your strength (+2).
   Dex:       It affects your dexterity (+4).
   rN:        It protects you from negative energy.
   *Noise:    It may make noises in combat.
 b - a +3 broad axe of flaming
 I - a +0 sling
Missiles
 c - 311 stones
 e - 3 throwing nets
 n - 11 silver javelins
 p - 47 poisoned darts (quivered)
 K - 13 curare-tipped darts
 P - 4 atropa-tipped darts
Armour
 r - a +2 pair of boots (worn)
 y - a +2 hat of stealth (worn)
 C - a scarf of invisibility
 G - the +2 pair of gloves of Esokkaxi (worn) {Fly rF- rN+ Int+5}
   (You found it on level 4 of the Spider Nest)

   Int:       It affects your intelligence (+5).
   rF:        It makes you vulnerable to fire.
   rN:        It protects you from negative energy.
   Fly:       It grants you flight.
 J - a +2 cloak of poison resistance (worn)
 S - a +2 tower shield (worn)
 Y - the +1 plate armour of Agar (worn) {Will+}
   (You took it off an orc warrior on level 11 of the Dungeon)

   Will:      It increases your willpower.
Jewellery
 D - a ring of willpower (right hand)
 E - an amulet of reflection
 N - a +4 ring of protection (left hand)
 O - the amulet "Veha Ciqiolo" (around neck) {Reflect rPois rN++ Dex+3 SH+5}
   (You bought it in a shop on level 3 of the Shoals)

   [amulet of reflection]

   It reflects blocked missile attacks.
   Dex:       It affects your dexterity (+3).
   rPois:     It protects you from poison.
   rN:        It greatly protects you from negative energy.
   SH:        It affects your SH (+5).
 Q - a ring of poison resistance
 U - a +4 ring of protection
 W - a ring of protection from fire
Wands
 u - a wand of roots (35)
 v - a wand of flame (49)
 w - a wand of mindburst (13)
 z - a wand of polymorph (14)
 R - a wand of charming (14)
 T - a wand of digging (2)
 Z - a wand of acid (7)
Scrolls
 d - 6 scrolls of blinking
 h - 10 scrolls of fog
 i - 5 scrolls of poison
 k - 3 scrolls of magic mapping
 q - 19 scrolls of teleportation
 x - 5 scrolls of immolation
 A - 8 scrolls of fear
 B - 3 scrolls of vulnerability
 M - a scroll of summoning
 X - 2 scrolls of identify
Potions
 f - 6 potions of curing
 j - 6 potions of lignification
 m - 10 potions of mutation
 o - 5 potions of berserk rage
 s - 2 potions of haste
 t - 6 potions of flight
 F - 4 potions of magic
 H - 5 potions of attraction
 L - 3 potions of might
 V - 5 potions of ambrosia
Miscellaneous
 g - a phial of floods


   Skills:
 + Level 20.6 Fighting
 + Level 19.8 Axes
 - Level 4.7 Throwing
 + Level 20.4 Armour
 + Level 6.5 Dodging
 + Level 20.6 Shields
 - Level 3.0 Invocations
 - Level 4.2 Evocations


You had 17 spell levels left.
You didn't know any spells.
Your spell library was empty.

Dungeon Overview and Level Annotations

Branches:
Dungeon (15/15)            Temple (0/1) D:4            Lair (5/5) D:8
 Shoals (4/4) Lair:3       Spider (4/4) Lair:3        Slime (0/5) Lair:5
    Orc (2/2) D:10            Elf (0/3) Orc:2        Vaults (1/5) D:14
 Depths (0/4) D:15          Sewer (visited)         Ossuary (visited)
Volcano (visited)

Altars:
Ashenzari
Elyvilon
Fedhas
Kikubaaqudgha
Okawaru
Qazlal
Vehumet
Zin
The Shining One
Jiyva

Shops:
D:7 ?   Orc:1 (   Orc:2 !(=[   Shoals:1 [**   Shoals:2 (   Shoals:3 :*

Annotations:
Vaults:1 Zenata


Innate Abilities, Weirdness & Mutations

You have a pair of horns on your head.
You reflexively headbutt those who attack you in melee.
You occasionally lose the ability to read scrolls when taking damage.


Message History

The +0 vorpal mace closely misses you.
The +4 war axe of flaming hits you but does no damage.
An ironbound convoker comes into view. It is wielding a +0 mace.
Zenata hits you with a +5 bardiche!
You block the +2 war axe of venom's attack.
The +6 trident of venom hits you from afar.
The +0 vorpal mace hits you but does no damage.
The +2 glaive of distortion hits you but does no damage.
Space warps horribly around you!!
You feel yourself speed up.
The +6 trident of venom hits you from afar.
* * * LOW HITPOINT WARNING * * *
You are poisoned.
You block the +4 war axe of flaming's attack.
The +2 war axe of venom hits you!
* * * LOW HITPOINT WARNING * * *
You block the +0 vorpal mace's attack.
You block the +6 trident of venom's attack.
The +4 war axe of flaming hits you!
* * * LOW HITPOINT WARNING * * *
The +4 war axe of flaming burns you!
* * * LOW HITPOINT WARNING * * *
The +2 glaive of distortion hits you but does no damage.
Space warps around you.
* * * LOW HITPOINT WARNING * * *
The +2 war axe of venom hits you but does no damage.
You block the +0 vorpal mace's attack.
Zenata gestures, and weapons take to the air!
The +6 trident of venom hits you but does no damage.
The +4 war axe of flaming hits you but does no damage.
The +2 war axe of venom hits you.
* * * LOW HITPOINT WARNING * * *
The +2 glaive of distortion hits you but does no damage.
Space warps horribly around you!
* * * LOW HITPOINT WARNING * * *
The +0 vorpal mace hits you but does no damage.
Zenata gestures at you while chanting.
A blast of power from the earth and the adjacent constructs strikes you!
You feel threatened and lose the ability to read scrolls!
You die...

#.........#
#..........
#....p# #.....#
#.....# #.....#
#.((..# #(a(..#
#(@(..# +..(..#
#.....# #.....#
#.....#
#.....#####
#..........
#..........
####'##########
#


You could see Zenata, an ironbound convoker and 7 dancing weapons.

Vanquished Creatures
  A titan (Shoals:2)
  Kirke (Spider:3)
  A storm dragon (Shoals:4)
  Ilsuiw (Shoals:2)
  A frost giant (Shoals:2)
  9 ghost moths
  3 emperor scorpions (Spider:4)
  An orc warlord (Vaults:1)
  An ironbound preserver (Vaults:1)
  3 broodmothers (Spider:4)
  A stone giant (Shoals:2)
  The ghost of KittyFluff the Bludgeoner, a journeyman GrFi of Trog (D:11)
  4 entropy weavers
  3 spark wasps
  A red draconian (Volcano)
  Snorg (D:10)
  6 merfolk javelineers
  8 merfolk impalers
  Erolcha (D:12)
  6 boulder beetles
  5 jorogumos
  12 hydras
  An alligator snapping turtle (Shoals:1)
  3 catoblepae (Lair:5)
  A death knight (D:15)
  4 radroaches
  5 satyrs
  7 centaur warriors
  5 merfolk aquamancers
  2 merfolk avatars
  5 two-headed ogres
  3 tengu warriors
  17 death yaks
  Sonja (Lair:3)
  4 orc high priests
  A salamander mystic (Volcano)
  12 pharaoh ants
  3 sun moths
  A fire crab (shapeshifter) (D:15)
  6 skeletal warriors (D:15)
  9 sea snakes
  4 deep trolls (Vaults:1)
  An obsidian statue (Volcano)
  3 deep elf pyromancers
  8 steelbarb worms
  Pikel (D:5)
  2 wizards
  11 orb spiders
  A necromancer (D:15)
  7 ugly things
  7 orc knights
  17 harpies
  2 deep elf zephyrmancers (D:15)
  30 wolf spiders
  9 cyclopes
  A cyclops (shapeshifter) (D:14)
  7 orc sorcerers
  2 oklob plants (Lair:5)
  21 manticores
  14 fauns
  A will-o-the-wisp (Abyss:2)
  12 merfolk sirens
  7 centaur zombies
  12 elephants
  A rust devil (Abyss:2)
  4 black mambas
  3 salamanders (Volcano)
  7 water nymphs
  A moth of wrath (Spider:2)
  9 cane toads
  5 torpor snails
  2 gargoyles
  5 rime drakes
  12 komodo dragons
  2 freezing wraiths (D:15)
  A yaktaur (D:15)
  Maggie (D:6)
  10 demonic crawlers
  2 centaur skeletons (D:15)
  3 tengu conjurers
  2 efreet
  2 kobold demonologists
  20 merfolk
  A meliai (shapeshifter) (D:14)
  13 meliai
  12 wind drakes
  A hornet (D:9)
  5 trolls
  3 polar bears
  2 snapping turtles
  32 tarantellas
  33 blink frogs
  13 dream sheep
  Grinder (D:6)
  2 slime creatures
  Sigmund (D:6)
  4 air elementals (Shoals:4)
  24 culicivoras
  37 jumping spiders
  A yak (shapeshifter) (D:13)
  14 water elementals
  3 wraiths
  2 centaur simulacra (D:15)
  5 vampires
  31 yaks
  10 basilisks
  4 wyverns
  3 hogs (Spider:3)
  A shadow (D:11)
  6 fire bats (Volcano)
  A fire elemental (D:14)
  2 steam dragons
  2 redbacks (shapeshifter)
  5 vampire mosquitoes
  47 redbacks
  Menkaure (D:7)
  2 acid dragons
  Edmund (D:5)
  3 wargs
  14 water moccasins
  A floating eye (D:15)
  Duvessa (D:4)
  3 ice beasts
  A hornet zombie (D:15)
  29 orc warriors
  A sky beast (D:7)
  4 black bears
  A boggart (D:14)
  11 centaurs
  5 ogres
  2 lemures (D:5)
  5 kobold brigands
  2 phantoms
  5 bullfrogs
  3 gnoll sergeants
  3 elf zombies (Ossuary)
  A necrophage (D:8)
  3 scorpions
  13 wights
  Dowan (D:4)
  2 elephant simulacra (Lair:3)
  5 killer bees
  4 electric eels
  3 howler monkeys (D:9)
  5 lava snakes (Volcano)
  A jelly (D:6)
  2 gnoll boudas
  Crazy Yiuf (D:7)
  23 orc priests
  2 hounds
  3 iguanas
  18 orc wizards
  6 hell rats
  A polar bear simulacrum (Lair:3)
  3 mummies
  Robin (D:3)
  30 gnolls
  6 adders
  2 river rats (Sewer)
  2 shadow imps
  3 white imps
  An ufetubus (Abyss:2)
  2 worms
  3 dart slugs
  61 orcs
  6 ball pythons
  6 bats
  7 endoplasms
  6 giant cockroaches
  17 goblins
  13 hobgoblins
  14 kobolds
  4 quokkas
  2 frilled lizards
  3 goblin zombies
  10 hobgoblin zombies (Ossuary)
  2 jackal zombies (Ossuary)
  10 kobold zombies (Ossuary)
  8 orc zombies
  15 rats
  2 rat zombies (Ossuary)
1185 creatures vanquished.

Vanquished Creatures (others)
  An orb spider (Spider:4)
  A demonic crawler (Spider:4)
  A tarantella (Spider:1)
  2 redbacks
  A human (D:3)
  3 boggarts (D:14)
  An orc priest (Orc:2)
  3 orc wizards
  6 foxfires (Abyss:2)
  23 fungi
  114 plants
  A withered plant (D:11)
157 creatures vanquished.

Grand Total: 1342 creatures vanquished

Notes
Turn   | Place    | Note
-------+----------+-------------------------------------------
     0 | D:1      | cheesebisquit the Minotaur Berserker began the quest for
                  | the Orb.
     0 | D:1      | Reached XP level 1. HP: 19/19 MP: 0/0
   386 | D:1      | Reached XP level 2. HP: 27/27 MP: 1/1
  1257 | D:2      | Reached XP level 3. HP: 33/33 MP: 2/2
  1397 | D:2      | Reached ** piety under Trog
  1555 | D:2      | Found a faded altar of an unknown god.
  1577 | D:2      | Reached skill level 5 in Axes
  2025 | D:3      | Found an ancient bone altar of Kikubaaqudgha.
  2191 | D:3      | Reached XP level 4. HP: 39/40 MP: 3/3
  2374 | D:3      | Noticed Robin
  2393 | D:3      | Killed Robin
  2666 | D:3      | Noticed a human
  2669 | D:3      | Killed a human
  2811 | D:4      | Noticed a phantom
  2828 | D:4      | Killed a phantom
  2829 | D:4      | Reached XP level 5. HP: 46/46 MP: 4/4
  2830 | D:4      | Noticed a black bear
  2842 | D:4      | Killed a black bear
  2843 | D:4      | Reached XP level 6. HP: 52/52 MP: 5/5
  2981 | D:4      | Found a radiant altar of Vehumet.
  3009 | D:4      | Noticed Duvessa
  3009 | D:4      | Noticed Dowan
  3022 | D:4      | Killed Duvessa
  3030 | D:4      | Killed Dowan
  3400 | D:4      | Reached XP level 7. HP: 43/59 MP: 6/6
  3889 | D:4      | Found an iron altar of Okawaru.
  3912 | D:4      | Found a staircase to the Ecumenical Temple.
  4046 | D:4      | Reached skill level 10 in Axes
  4228 | D:5      | Entered Level 5 of the Dungeon
  4499 | D:5      | Found a glowing drain.
  4530 | Sewer    | Entered a sewer
  4653 | D:5      | Noticed Pikel
  4654 | D:5      | Noticed Edmund
  4701 | D:5      | Killed Pikel
  4702 | D:5      | Reached XP level 8. HP: 66/66 MP: 7/7
  4710 | D:5      | Killed Edmund
  4823 | D:5      | Reached XP level 9. HP: 71/71 MP: 8/8
  5785 | D:6      | Reached skill level 15 in Axes
  5918 | D:6      | Noticed Sigmund
  5928 | D:6      | Killed Sigmund
  6041 | D:6      | Noticed Grinder
  6054 | D:6      | Killed Grinder
  6226 | D:6      | Noticed Maggie
  6234 | D:6      | Killed Maggie
  6686 | D:7      | Noticed Menkaure
  6692 | D:7      | Killed Menkaure
  6693 | D:7      | Reached XP level 10. HP: 78/78 MP: 9/9
  6791 | D:7      | Found a sand-covered staircase.
  6799 | Ossuary  | Entered an ossuary
  6982 | Ossuary  | Reached *** piety under Trog
  7289 | D:7      | Identified the +1 scale mail of Hopscotch {Harm +Blink
                  | rPois Str-4 Int+3}
  7458 | D:7      | Found Jedum's Magic Scroll Boutique.
  7585 | D:7      | Bought a scroll of identify for 28 gold pieces
  7585 | D:7      | Bought a scroll of identify for 28 gold pieces
  7585 | D:7      | Bought a scroll of identify for 28 gold pieces
  7585 | D:7      | Bought a scroll of identify for 28 gold pieces
  7585 | D:7      | Bought a scroll of identify for 28 gold pieces
  7585 | D:7      | Bought a scroll of identify for 28 gold pieces
  7592 | D:7      | Identified a scroll of acquirement
  7593 | D:7      | Acquired the +3 broad axe of the Shore {vorpal, *Noise rN+
                  | Str+2 Dex+4}
  7645 | D:7      | Noticed an angel
  7646 | D:7      | Found a glowing silver altar of Zin.
  7735 | D:7      | Found a runed translucent door.
  7736 | D:7      | Noticed Crazy Yiuf
  8027 | D:7      | Killed Crazy Yiuf
  8151 | D:8      | Found a flagged portal.
  8201 | D:8      | Found a broken altar of Ashenzari.
  8338 | D:8      | Found a staircase to the Lair.
  8527 | D:8      | Found a blossoming altar of Fedhas.
  8789 | D:8      | Found a glowing golden altar of the Shining One.
  9245 | D:9      | Reached skill level 1 in Shields
  9505 | D:9      | Reached **** piety under Trog
  9753 | D:9      | Reached skill level 5 in Shields
  9754 | D:9      | Noticed a two-headed ogre
  9760 | D:9      | Killed a two-headed ogre
  9981 | D:9      | Noticed a seven-headed hydra
  9988 | D:9      | Killed a seven-headed hydra
  9989 | D:9      | Reached XP level 11. HP: 84/84 MP: 10/10
  9989 | D:9      | Noticed a centaur warrior
  9995 | D:9      | Killed a centaur warrior
 10055 | D:9      | Noticed a centaur warrior
 10055 | D:9      | Noticed a wizard
 10064 | D:9      | Killed a wizard
 10069 | D:9      | Killed a centaur warrior
 10070 | D:9      | Reached skill level 10 in Shields
 10074 | D:9      | Noticed a boulder beetle
 10093 | D:9      | Killed a boulder beetle
 10125 | D:9      | Noticed a cyan ugly thing
 10136 | D:9      | Killed a cyan ugly thing
 10185 | D:9      | Noticed a six-headed hydra
 10189 | D:9      | Noticed a four-headed hydra
 10195 | D:9      | Killed a six-headed hydra
 10200 | D:9      | Killed a four-headed hydra
 10616 | D:10     | Entered Level 10 of the Dungeon
 10935 | D:10     | Found a staircase to the Orcish Mines.
 11448 | D:10     | Found a white marble altar of Elyvilon.
 11524 | D:10     | Noticed Snorg
 11531 | D:10     | Killed Snorg
 11644 | D:11     | Reached XP level 12. HP: 86/91 MP: 11/11
 11745 | D:11     | Noticed a two-headed ogre
 11756 | D:11     | Killed a two-headed ogre
 11816 | D:11     | Reached skill level 5 in Fighting
 11988 | D:11     | Reached skill level 5 in Armour
 12224 | D:11     | Found a runed translucent gate.
 12224 | D:11     | Found a runed translucent gate.
 12229 | D:11     | Found a runed translucent gate.
 12231 | D:11     | Noticed KittyFluff's ghost (journeyman GrFi)
 12235 | D:11     | Identified the +1 plate armour of Agar {Will+}
 12236 | D:11     | Identified the +0 chain mail of the Furrier {rCorr Int+3}
 12255 | D:11     | Noticed a two-headed ogre
 12262 | D:11     | Killed a two-headed ogre
 12263 | D:11     | Reached skill level 15 in Shields
 12543 | D:12     | Noticed a seven-headed hydra
 12552 | D:12     | Killed a seven-headed hydra
 12988 | D:12     | Noticed a boulder beetle
 12997 | D:12     | Killed a boulder beetle
 13209 | D:12     | Noticed Erolcha
 13222 | D:12     | Killed Erolcha
 13823 | D:11     | Killed KittyFluff's ghost
 13824 | D:11     | Reached XP level 13. HP: 43/108 MP: 12/12
 14638 | Lair:1   | Entered Level 1 of the Lair of Beasts
 15567 | Lair:2   | Reached skill level 10 in Fighting
 15614 | Lair:2   | Reached skill level 10 in Armour
 16003 | Lair:2   | Found a dark tunnel.
 16013 | Volcano  | Entered a volcano
 16148 | Volcano  | Noticed a red draconian
 16167 | Volcano  | Killed a red draconian
 16184 | Volcano  | Found a radiant altar of Vehumet.
 17358 | Lair:3   | Noticed Sonja
 17380 | Lair:2   | Reached XP level 14. HP: 30/127 MP: 13/13
 17688 | Abyss:2  | Cast into level 2 of the Abyss (Sonja)
 17742 | Lair:3   | Escaped the Abyss
 17930 | Lair:3   | Killed Sonja
 18567 | Lair:3   | Found a staircase to the Shoals.
 18992 | Lair:3   | Acquired a +1 hat of stealth
 19025 | Lair:3   | Found a hole to the Spider Nest.
 20257 | Lair:5   | Entered Level 5 of the Lair of Beasts
 20545 | Lair:5   | Identified the +1 pair of boots of a ziggurat {-Tele Dex+6
                  | SInv Stlth+}
 20790 | Lair:5   | Reached skill level 15 in Fighting
 20860 | Lair:5   | Reached skill level 15 in Armour
 20957 | Lair:5   | Identified the +1 robe "Agao" {rN+}
 21055 | Lair:5   | Reached XP level 15. HP: 141/141 MP: 14/14
 21160 | Lair:5   | Found a viscous altar of Jiyva.
 21162 | Lair:5   | Found a staircase to the Slime Pits.
 21830 | Orc:1    | Entered Level 1 of the Orcish Mines
 21868 | Orc:1    | Found Ekhloiju's Weapon Shoppe.
 22349 | Orc:2    | Entered Level 2 of the Orcish Mines
 22485 | Orc:2    | Found a staircase to the Elven Halls.
 22619 | Orc:2    | Found Kioruato's Antique Armour Emporium.
 22917 | Orc:2    | Found Sinkaf's Distillery.
 22918 | Orc:2    | Found Ownusyusch's Weapon Boutique.
 22928 | Orc:2    | Found Qoementu's Jewellery Boutique.
 22935 | Orc:2    | Bought an amulet of reflection for 390 gold pieces
 22959 | Orc:2    | Bought a potion of heal wounds for 90 gold pieces
 22971 | Orc:2    | Bought a pair of runed gloves for 240 gold pieces
 24300 | D:13     | Reached ***** piety under Trog
 24373 | D:14     | Found a white marble altar of Elyvilon.
 24856 | D:14     | Found a gate to the Vaults.
 25364 | D:14     | Found a stormy altar of Qazlal.
 25409 | D:15     | Entered Level 15 of the Dungeon
 26196 | D:15     | Reached XP level 16. HP: 155/155 MP: 15/15
 26402 | D:15     | Paralysed by a floating eye for 3 turns
 26576 | D:15     | Found a staircase to the Depths.
 27180 | Orc:2    | Bought a ring of poison resistance for 260 gold pieces
 27395 | Spider:1 | Entered Level 1 of the Spider Nest
 27454 | Lair:3   | Gained mutation: You occasionally lose the ability to read
                  | scrolls when taking damage. [mutagenic glow]
 29813 | Spider:2 | Paralysed by a jorogumo for 2 turns
 29978 | Spider:2 | Reached XP level 17. HP: 168/168 MP: 16/16
 30252 | Spider:2 | Reached skill level 1 in Invocations
 30635 | Spider:3 | Reached skill level 1 in Throwing
 30676 | Spider:3 | Reached skill level 1 in Evocations
 30897 | Spider:3 | Noticed Kirke
 30907 | Spider:3 | Killed Kirke
 32129 | Spider:4 | Entered Level 4 of the Spider Nest
 33333 | Spider:4 | Identified the +2 pair of gloves of Esokkaxi {Fly rF- rN+
                  | Int+5}
 33566 | Spider:4 | HP: 3/168 [something (7)]
 34079 | Spider:4 | Got a gossamer rune of Zot
 34668 | Shoals:1 | Entered Level 1 of the Shoals
 34668 | Shoals:1 | Found Cogoecwe's General Store.
 34671 | Shoals:1 | Found Qeplat's General Store.
 34683 | Shoals:1 | Identified the +1 pair of gloves of the World {rPois Will-
                  | Dex+6 Stlth-}
 34794 | Shoals:1 | Found Ywux Kacs's Antique Armour Shop.
 35089 | Shoals:1 | Identified the +1 robe of the Kettle-Drum {rN+ Will+ Int+6}
 35122 | Shoals:1 | Reached XP level 18. HP: 132/178 MP: 19/19
 35556 | Shoals:1 | Found Duall's General Store.
 36080 | Shoals:2 | Noticed Ilsuiw
 36132 | Shoals:2 | Killed Ilsuiw
 36344 | Shoals:2 | Found Picimiuc's Antique Weapon Boutique.
 37704 | Shoals:3 | Found Zexuedig's Book Boutique.
 37849 | Shoals:3 | Found Qanut's Assorted Antiques.
 37862 | Shoals:3 | Bought a twitching graven amulet for 110 gold pieces
 37862 | Shoals:3 | Identified the amulet "Veha Ciqiolo" {Reflect rPois rN++
                  | Dex+3 SH+5} (You bought it in a shop on level 3 of the
                  | Shoals)
 37862 | Shoals:3 | Bought a potion of curing for 66 gold pieces
 37862 | Shoals:3 | Bought a potion of curing for 66 gold pieces
 38559 | Shoals:4 | Entered Level 4 of the Shoals
 38614 | Shoals:4 | Paralysed by an air elemental for 1 turns
 38625 | Shoals:4 | Paralysed by an air elemental for 1 turns
 38644 | Shoals:4 | Reached skill level 5 in Dodging
 38993 | Shoals:4 | Paralysed by an air elemental for 1 turns
 39344 | Shoals:4 | Paralysed by an air elemental for 1 turns
 39615 | Shoals:4 | Got a barnacled rune of Zot
 39741 | Shoals:4 | Received a gift from Trog
 40621 | Vaults:1 | Entered Level 1 of the Vaults
 40761 | Vaults:1 | Noticed Zenata
 40790 | Vaults:1 | HP: 1/180 [+2 glaive of distortion[Zenata] (15)]
 40790 | Vaults:1 | Killed from afar by Zenata

Illustrated notes

Levels and vault maps discovered:
D:1:      dpeg_arrival_signposts, layout_loops_ring
D:2:      layout_basic, ebering_ecumenical_altar_rust, st_stairs_12
D:3:      layout_loops_ring, tgw_kikubaaqudgha, chequers_mini_garden,
          minmay_box_of_dots, uniq_robin
D:4:      layout_cave_pools, okawaru_altar_gauntlet_db, vehumet_crystals,
          minmay_temple_entry_poolview, serial_bayou, serial_bayou_lake_a,
          serial_bayou_lagoon_b, serial_bayou_ford_a, serial_bayou_lagoon_a,
          uniq_duvessa
D:5:      layout_loops_corners, portal_sewer_entry_a, uniq_pikel, uniq_edmund
D:6:      layout_gridville, uniq_grinder, uniq_maggie, uniq_sigmund
D:7:      nicolae_cairo_tiling_large, layout_cave_pods, zin_angel,
          nicolae_ossuary_entry_giza, serial_shops, nicolae_shop_waterfront,
          serial_glass, glass_columns_c, glass_columns_a, uniq_menkaure,
          uniq_crazy_yiuf_cottage
D:8:      layout_gridville, lemuel_coloured_pillars_altar,
          nicolae_ashenzari_skybound, mainiacjoe_overflow_surrounded_room,
          lair_entry_dummy, enter_bailey_5
D:9:      cheibrodos_helix_gallery, layout_basic, minmay_the_grid_2x2
          [minmay_the_grid_paths, minmay_the_grid_odd_star,
          minmay_the_grid_minigrid_small_alt,
          minmay_the_grid_prize_four_corners]
D:10:     layout_stronghold, kennysheep_mini_moat, david_orc_1_choice,
          minmay_misc_feat_alley, uniq_snorg
D:11:     layout_rooms, biasface_ghost_orc_armoury, serial_undead,
          serial_undead_c, serial_undead_a, serial_undead_f, serial_undead_d,
          nzn_life_drinkers
D:12:     layout_roguey, uniq_erolcha
D:13:     layout_roguey [special_room_orc], nicolae_sextant, hangedman_ranch
D:14:     layout_loops_ring, david_vaults_2, nicolae_qazlal_eye_of_the_storm,
          serial_bayou, serial_bayou_pond_c, serial_bayou_pond_e,
          serial_bayou_shore_a, serial_bayou_pond_b, kennysheep_small_spiral,
          elyvilon_altar_5
D:15:     grunt_enter_depths_magical_seal, layout_stronghold, abandoned_shop,
          onia_ninara_cookie
Lair:1:   layout_hall_layers, serial_bayou_shore_b
Lair:2:   layout_cave_pods, nicolae_volcano_entry_lava_flow, lemuel_fruit_fields
Lair:3:   layout_cave_pods, elwin_shoals_entry_rooms,
          hellmonk_spider_entry_not_the_bees,
          portal_ice_cave_entry_ice_simulacra, minmay_hedge_maze, uniq_sonja
Lair:4:   layout_roguey, hibernation_bobbens
Lair:5:   evilmike_catoblepas_cave, layout_long_grid,
          minmay_slime_entry_oklob_enclosed
Shoals:1: layout_shoals, serial_shops, nicolae_shop_waterfront, shop_fountains,
          shop_fountains, shop_statue
Shoals:2: cheibrodos_shoals_gigantism, layout_shoals, serial_shops,
          nicolae_shop_behind_doors, uniq_ilsuiw
Shoals:3: layout_shoals, serial_shops, nicolae_shop_advertising_works
          [nicolae_subvault_shop_adworks], shop
Shoals:4: shoals_end_hellmonk_storm_palace [storm_palace_center_square,
          storm_palace_corner_pillars, storm_palace_corner_pillars,
          storm_palace_corner_narrow, storm_palace_corner_blocked]
Spider:1: layout_cave_pods, hangedman_spider_tarantella_strand
Spider:2: layout_spider_delve, nicolae_spider_bug_shape
Spider:3: layout_spider_delve, uniq_kirke
Spider:4: guppyfry_spider_rune
Orc:1:    layout_caves, serial_shops, nicolae_shop_statue_plus, basic_altar
Orc:2:    st_orc_elflike, layout_diamond_mine, abandoned_shop
Vaults:1: nicolae_vaults_inception_scallops, hangedman_vaults_trim,
          ontoclasm_vaults_fault, v_misc_18, v_misc_13,
          hangedman_vaults_restitches, nicolae_vaults_gold_heap,
          vaults_mumra_minichess_inversion, hangedman_vaults_trim,
          nicolae_vaults_bisected_slash, v_misc_13, layout_vaults_big_room,
          serial_shops, shop, uniq_aizul, uniq_saint_roka, uniq_donald,
          uniq_zenata

Skill      XL: |  1  2  3  4  5  6  7  8  9 10 11 12 13 14 15 16 17 18 |
---------------+-------------------------------------------------------+-----
Axes           | 4 5 7 9 12 14 16 18 19 | 19.8
Fighting       | 4 8 12 15 17 19 20 | 20.6
Shields        | 8 14 15 16 17 19 20 | 20.6
Armour         | 7 12 15 17 18 19 20 | 20.4
Invocations    | 3 |  3.0
Throwing       | 4 |  4.7
Evocations     | 4 |  4.2
Dodging        | 6 |  6.5

Action                   |  1- 3 |  4- 6 |  7- 9 | 10-12 | 13-15 | 16-18 || total
-------------------------+-------+-------+-------+-------+-------+-------++-------
Melee: Hand axe          |   108 |    83 |   279 |   161 |       |       ||   631
       Headbutt          |    12 |    12 |    55 |   138 |   269 |   409 ||   895
       Punch             |     1 |     2 |     3 |     1 |       |       ||     7
       Broad axe         |       |       |       |   286 |  1097 |  1494 ||  2877
       Flail             |       |       |       |    16 |       |       ||    16
       Morningstar       |       |       |       |   127 |    17 |       ||   144
 Fire: Sling             |       |     2 |       |       |       |       ||     2
Throw: Dart              |     1 |       |       |    12 |       |    43 ||    56
Invok: Berserk           |     2 |     4 |    13 |    24 |    30 |    34 ||   107
       Trog's Hand       |       |     2 |    11 |    27 |    40 |    47 ||   127
  Use: Scroll            |       |     2 |     9 |    21 |     7 |     1 ||    40
       Potion            |       |       |     1 |     5 |     7 |    12 ||    25
 Stab: Sleeping          |     1 |       |       |       |       |       ||     1
       Distracted        |       |       |       |       |       |     2 ||     2
Armor: Animal skin       |     6 |       |       |       |       |       ||     6
       Chain mail        |    40 |    44 |   113 |   280 |     1 |       ||   478
       Plate armour      |       |       |       |       |   483 |   916 ||  1399
Dodge: Dodged            |    62 |    27 |    84 |   188 |   213 |   272 ||   846
Block: Buckler           |       |       |       |   126 |    82 |       ||   208
       Tower shield      |       |       |       |       |   916 |  1992 ||  2908
       Reflection        |       |       |       |       |    17 |    71 ||    88
